Map: 暮色之塔

Players

iGJim - Winner!

  • Race: Protoss Protoss
  • League: Master

TIME (Oliveira)

  • Race: Terran Terran
  • League: Master

Event: GPL 2015 - Grand Finals

VOD

Have the link to the VOD?

Description

Time

  • Played on: Jan. 16, 2016, 7:40 a.m.
  • Length: 6:20

All games in this series

Show
View Real Time Build Order
Export as new Build Order

iGJim Protoss - Winner!

Build Orders: 1 Gate Expand 

Get SALT Encoding   

  12  0:01  Probe (Chrono Boost)  
  13  0:11  Probe (Chrono Boost)  
  14  0:17  Pylon  
  14  0:22  Probe (Chrono Boost)  
  16  0:35  Probe (Chrono Boost)  
  16  0:36  Gateway  
  16  0:46  Probe (Chrono Boost)  
  17  0:50  Assimilator  
  17  0:56  Probe (Chrono Boost)  
  18  1:07  Probe (Chrono Boost)  
  19  1:17  Probe (Chrono Boost)  
  20  1:22  Nexus  
  20  1:31  Cybernetics Core  
  20  1:34  Probe (Chrono Boost)  
  21  1:41  Assimilator  
  21  1:44  Probe (Chrono Boost)  
  22  1:48  Pylon  
  22  1:55  Probe (Chrono Boost)  
  23  2:06  Probe (Chrono Boost)  
  23  2:07  Adept (Chrono Boost), Warp Gate  
  26  2:18  Probe  
  26  2:20  Pylon  
  27  2:27  Twilight Council  
  27  2:31  Probe (Chrono Boost)  
  27  2:34  Probe (Chrono Boost)  
  28  2:42  Probe (Chrono Boost)  
  29  2:47  Probe (Chrono Boost)  
  29  2:53  Probe (Chrono Boost)  
  29  2:55  Robotics Facility  
  29  2:58  Probe (Chrono Boost)  
  27  3:05  Resonating Glaives (Chrono Boost)  
  31  3:08  Probe (Chrono Boost)  
  31  3:10  Probe (Chrono Boost)  
  33  3:14  Adept  
  33  3:18  Probe (Chrono Boost)  
  36  3:20  Probe (Chrono Boost)  
  37  3:29  Probe  
  37  3:32  Mothership Core  
  40  3:39  Probe  
  41  3:42  Warp Prism (Chrono Boost)  
  41  3:48  Pylon  
  43  3:51  Probe  
  43  3:52  Gateway  
  43  3:54  Gateway  
  44  3:58  Gateway  
  44  4:02  Probe  
  44  4:03  Probe  
  44  4:08  Dark Shrine  
  46  4:12  Adept  
  46  4:13  Probe  
  46  4:16  Probe  
  50  4:19  Pylon  
  50  4:21  Observer (Chrono Boost)  
  51  4:24  Probe  
  51  4:26  Pylon  
  51  4:28  Probe  
  51  4:30  Assimilator  
  53  4:34  Probe  
  53  4:37  Adept  
  56  4:40  Probe, Observer (Chrono Boost)  
  56  4:44  Pylon  
  56  4:45  Probe  
  58  4:46  Assimilator  
  59  4:53  Probe  
  60  5:00  Adept x2  
  60  5:01  Adept x2  
  60  5:02  Probe  
  67  5:14  Probe  
  67  5:21  Adept x4  
  66  5:22  Probe  
  65  5:28  Probe  
  65  5:33  Probe  
  65  5:34  Nexus  
  67  5:36  Pylon  
  67  5:41  Dark Templar x2  
  67  5:48  Dark Templar  
  66  5:50  Probe x2  
  65  6:00  Probe  
  65  6:02  Probe  
Show
View Real Time Build Order
Export as new Build Order

TIME Terran 

Build Orders: Reaper Expand 

Get SALT Encoding   

  12  0:00  SCV  
  13  0:13  SCV  
  14  0:18  Supply Depot  
  14  0:25  SCV  
  15  0:39  SCV  
  15  0:41  Barracks  
  16  0:44  Refinery  
  16  0:51  SCV  
  17  1:03  SCV  
  18  1:15  SCV  
  19  1:27  Reaper  
  19  1:28  Orbital Command  
  20  1:43  Command Center  
  20  1:52  Supply Depot  
  20  1:54  SCV  
  21  2:00  Barracks Reactor  
  21  2:06  SCV  
  22  2:11  Bunker  
  22  2:18  SCV  
  23  2:25  Factory  
  23  2:30  SCV  
  23  2:36  Marine x2  
  26  2:42  SCV  
  27  2:54  Marine x2, SCV  
  27  2:55  Orbital Command  
  29  3:10  Factory Tech Lab  
  29  3:11  Marine, SCV  
  29  3:12  Marine  
  32  3:21  SCV  
  32  3:23  SCV  
  34  3:29  Marine x2  
  34  3:30  Cyclone  
  34  3:33  Command Center  
  40  3:34  SCV  
  39  3:42  SCV  
  39  3:44  Supply Depot  
  39  3:46  SCV  
  39  3:47  Marine x2  
  43  3:54  Supply Depot, SCV  
  44  3:58  SCV  
  45  4:06  SCV  
  45  4:08  Barracks  
  46  4:11  Barracks, SCV  
  46  4:13  Refinery x2  
  46  4:14  Marine x2  
  49  4:20  SCV  
  50  4:27  Factory Reactor  
  50  4:28  SCV  
  50  4:29  Starport  
  51  4:32  Engineering Bay, SCV  
  51  4:36  Marine x2  
  54  4:40  SCV  
  54  4:42  Supply Depot  
  54  4:44  SCV  
  56  4:47  Orbital Command  
  56  4:52  SCV  
  57  4:56  SCV  
  58  5:03  Marine  
  58  5:04  Barracks Tech Lab, SCV  
  60  5:08  SCV  
  60  5:12  Marine, Liberator  
  54  5:14  Marine  
  54  5:16  SCV  
  54  5:20  SCV  
  45  5:21  Marine  
  45  5:24  Marine  
  42  5:28  SCV  
  42  5:30  Marine  
  42  5:32  Marine  
  43  5:38  SCV  
  43  5:39  Marine  
  43  5:42  Marine  
  36  5:46  SCV  
  36  5:47  Marine  
  34  5:50  Marine  
  34  5:51  Missile Turret  
  34  5:53  Missile Turret, SCV  
  36  5:57  Marine  
  36  6:00  Marine  
Tags
 
Add a new tag
Caveats
  • Supply blocks, unpowered buildings, or Contaminate may cause inaccurate times.
  • Supply counts are checked every 10 seconds.